 Dungeon Crawl Stone Soup version 0.30-a0-556-g0a0f5a245f (webtiles) character file.

Game seed: 13364296227911260345

330 Bnni the Vexing (level 6, -1/46 HPs)
             Began as a Formicid Hexslinger on Dec 27, 2022.
             Killed by an exploding goblin (47 damage)
             ... ignited by their inner flame
             ... on level 3 of the Dungeon.
             The game lasted 00:04:47 (1987 turns).

Bnni the Vexing (Formicid Hexslinger)               Turns: 1987, Time: 00:04:48

Health: -1/46      AC:  6    Str: 14    XL:     6   Next: 81%
Magic:  10/18      EV: 12    Int: 15    God:
Gold:   72         SH:  0    Dex: 14    Spells: 5/9 levels left

rFire   . . .      SeeInvis +    a - +1 sling
rCold   . . .      Faith    .    (no shield)
rNeg    . . .      Spirit   .    c - +0 robe
rPois   .          Reflect  .    (helmet unavailable)
rElec   .          Harm     .    (no cloak)
rCorr   .          Rampage  .    (no gloves)
Will    .....                    (no boots)
Stlth   +                        (no amulet)
HPRegen 0.27/turn                t - ring of magical power
MPRegen 0.16/turn                q - +4 ring of protection

@: very slightly contaminated
A: permanent stasis, dig shafts and tunnels, antennae 3, four strong arms
a: Dig, Shaft Self


You were on level 3 of the Dungeon.
You visited 1 branch of the dungeon, and saw 3 of its levels.

You collected 72 gold pieces.

Inventory:

Hand Weapons
 a - a +1 sling (weapon)
Armour
 c - a +0 robe (worn)
Jewellery
 p - a ring of resist corrosion
 q - a +4 ring of protection (right hand)
 t - a ring of magical power (left hand)
Wands
 m - a wand of roots (10)
 v - a wand of digging (4)
Scrolls
 b - a scroll of poison
 d - 4 scrolls of identify {unknown}
 e - a scroll of magic mapping {unknown}
 f - a scroll of amnesia {unknown}
 g - 2 scrolls of noise {unknown}
 h - a scroll of enchant weapon {unknown}
 s - a scroll of teleportation {unknown}
 u - a scroll of blinking {unknown}
Potions
 i - 2 potions of mutation {unknown}
 j - a potion of berserk rage {unknown}
 k - a potion of haste {unknown}
 l - 2 potions of degeneration {unknown}
 n - a potion of curing {unknown}
 o - a potion of brilliance {unknown}
 r - a potion of lignification {unknown}


   Skills:
 + Level 2.6 Fighting
 * Level 3.8 Ranged Weapons
 - Level 1.7 Dodging
 + Level 2.3 Spellcasting
 * Level 5.6 Hexes
 + Level 2.0 Fire Magic


You had 5 spell levels left.
You knew the following spells:

 Your Spells              Type           Power      Damage    Failure   Level
a - Slow                  Hex            72%        N/A       1%          1
b - Inner Flame           Hex/Fire       13%        N/A       13%         3

Your spell library contained the following spells:

 Spells                   Type           Power      Damage    Failure   Level
 Dazzling Flash           Conj/Hex       20%        N/A       21%         3
 Portal Projectile        Hex/Tloc       20%        N/A       21%         3
 Cause Fear               Hex            9%         N/A       21%         4
 Necrotise                Necr           4%         1d4       22%         1
 Vampiric Draining        Necr           1%         2d6       54%         3
 Iskenderun's Mystic Bla  Conj/Tloc      1%         2d3       91%         4
 Agony                    Necr           1%         N/A       99%         5
 Starburst                Conj/Fire      2%         6d3       100%        6


Dungeon Overview and Level Annotations

Branches:
Dungeon (3/15)

Altars:

Shops:
D:2 :


Innate Abilities, Weirdness & Mutations

You cannot be hasted, slowed, berserked, paralysed or teleported.
You can dig through walls and to a lower floor.
You have a pair of large antennae on your head. (SInv)
Your four strong arms can wield two-handed weapons with a shield.


Message History

A goblin comes into view. It is wielding a +0 club.
Casting: Inner Flame (dangerous; 13% risk of failure)
Confirm with . or Enter, or press ? or * to list all spells.
Aiming: Inner Flame (dangerous; 13% risk of failure)
Press: ? - help, Dir - move target, f/p - goblin
Aim: a goblin, wielding a +0 dagger (chance to affect: 80%)
The goblin is filled with an inner flame.
The goblin closely misses you.
Casting: Inner Flame (dangerous; 13% risk of failure)
Confirm with . or Enter, or press ? or * to list all spells.
Aiming: Slow (safe; 1% risk of failure)
Press: ? - help, Shift-Dir - straight line, f/p - goblin
Aim: a goblin, wielding a +0 dagger (inner flame, chance to affect: 68%)
The goblin seems to slow down.
The goblin closely misses you.
Fire: a) +1 sling
Press: ? - help, Shift-Dir - straight line, f/p - goblin
Aim: a goblin, wielding a +0 dagger (inner flame, slow, 51% to hit)
You shoot a sling bullet. The sling bullet misses the goblin.
The sling bullet barely misses the goblin.
The sling bullet closely misses the goblin.
The sling bullet barely misses the hobgoblin.
Fire: a) +1 sling
Press: ? - help, Shift-Dir - straight line, f/p - goblin
Aim: a goblin, wielding a +0 dagger (inner flame, slow, 51% to hit)
You shoot a sling bullet.
The sling bullet barely misses the goblin. x2
The sling bullet hits the goblin.
The goblin is severely wounded.
The goblin is no longer moving slowly.
The goblin attacks as you move away! The goblin barely misses you.
Fire: a) +1 sling
Press: ? - help, Shift-Dir - straight line, f/p - goblin
Aim: a goblin, wielding a +0 dagger (inner flame, 51% to hit)
You shoot a sling bullet. The sling bullet hits the goblin.
The goblin explodes!
The fiery explosion engulfs the goblin!!!
You kill the goblin!
The fiery explosion engulfs you!!!
Ouch! That really hurt!
You die...

###########
#.ยง)@.....#
#g#######.#
#.# #g# #{#
#.# #g# #<#
#........


You could see a goblin.

Vanquished Creatures
  Grinder (D:3)
  Terence (D:2)
  Ijyb (D:2)
  2 adders (D:2)
  2 dart slugs
  4 ball pythons
  10 endoplasms
  A giant cockroach (D:2)
  6 hobgoblins
  3 quokkas (D:1)
  6 bats
  4 frilled lizards
  5 goblins
  6 kobolds
  4 rats
56 creatures vanquished.

Notes
Turn   | Place    | Note
-------+----------+-------------------------------------------
     0 | D:1      | Bnni the Formicid Hexslinger began the quest for the Orb.
     0 | D:1      | Reached XP level 1. HP: 15/15 MP: 2/2
    81 | D:1      | Reached XP level 2. HP: 16/21 MP: 3/3
   335 | D:1      | Reached skill level 4 in Hexes
   411 | D:1      | Reached XP level 3. HP: 26/26 MP: 5/5
   415 | D:1      | Learned a level 3 spell: Inner Flame
  1069 | D:2      | Reached XP level 4. HP: 6/32 MP: 4/6
  1136 | D:2      | Reached skill level 1 in Fire Magic
  1232 | D:2      | Noticed Terence
  1245 | D:2      | Killed Terence
  1289 | D:2      | Found Odghiamme's Book Shop.
  1300 | D:2      | Found a faded altar of an unknown god.
  1439 | D:2      | Reached XP level 5. HP: 38/38 MP: 7/7
  1749 | D:3      | Noticed Grinder
  1749 | D:3      | Noticed Ijyb
  1766 | D:2      | Killed Ijyb
  1843 | D:3      | Killed Grinder
  1844 | D:3      | Reached skill level 5 in Hexes
  1844 | D:3      | Reached XP level 6. HP: 12/46 MP: 8/9
  1987 | D:3      | Killed by an exploding goblin... ignited by their inner
                  | flame

Illustrated notes

Levels and vault maps discovered:
D:1:      spicycebolla_arrival_clurvy, layout_loops_ring
D:2:      layout_rooms, basic_ecumenical_altar, serial_shops,
          nicolae_diamond_shop, uniq_terence
D:3:      layout_loops_corners, nicolae_overflow_crystal_walls,
          portal_sewer_entry_b, uniq_grinder, uniq_ijyb, uniq_robin,
          uniq_natasha

Skill      XL: |  1  2  3  4  5 |
---------------+----------------+-----
Hexes          | 4 5 |  5.6
Fire Magic     | 1 2 |  2.0
Fighting       | 2 |  2.6
Ranged Weapons | 3 |  3.8
Spellcasting   | 2 |  2.3
Dodging        | |  1.7

Action                   |  1- 3 |  4- 6 || total
-------------------------+-------+-------++-------
 Fire: Sling             |   137 |    61 ||   198
 Cast: Slow              |     4 |     4 ||     8
       Inner Flame       |       |     8 ||     8
Armor: Robe              |    20 |     1 ||    21
Dodge: Dodged            |    48 |    19 ||    67

Table legend: (Time is in decaauts)
 A = Elapsed time spent in this place.
 B = Non-inter-level travel time spent in this place.
 C = Inter-level travel time spent in this place.
 D = Time resting spent in this place.
 E = Time spent auto-exploring this place.
 F = Levels seen in this place.
 G = Mean time per level.
                   A        B        C        D        E       F      G
               +--------+--------+--------+--------+--------+-----+--------+
         Total |   2039 |   1966 |     73 |    342 |   1195 |   3 |  679.7 |
       Dungeon |   2039 |   1966 |     73 |    342 |   1195 |   3 |  679.7 |
               +--------+--------+--------+--------+--------+-----+--------+

Top non-repeatable levels by time:
     D:1: 1041 daAuts
     D:2: 949 daAuts
     D:3: 48 daAuts
